 Dungeon Crawl Stone Soup version 0.21-a0-59-g7b0e191 (webtiles) character file.

23455 Ijustatesigmund the Slicer (level 13, -1/92 HPs)
             Began as an Octopode Assassin on June 16, 2017.
             Was a High Priest of Cheibriados.
             Slain by a two-headed ogre
             ... wielding a +0 giant spiked club
              (25 damage)
             ... on level 14 of the Dungeon.
             The game lasted 00:48:04 (12376 turns).

Ijustatesigmund the Slicer (Octopode Assassin)     Turns: 12376, Time: 00:48:05

Health: -1/92      AC: 13    Str: 29    XL:     13   Next: 6%
Magic:  20/20      EV: 20    Int: 28    God:    Cheibriados [*****.]
Gold:   832        SH: 10    Dex: 30    Spells: 9/12 levels left

rFire    . . .     SeeInvis .   A - +2 dagger (protect)
rCold    . . .     Gourm    .   D - +3 buckler
rNeg     . . .     Faith    .   (helmet restricted)
rPois    .         Spirit   .   g - amulet of regeneration
rElec    .         Reflect  .   j - ring of resist corrosion
rCorr    +         Harm     .   m - +5 ring of protection
MR       +....                  w - ring of protection from magic
Stlth    ++++++....             C - +6 ring of strength
HPRegen  0.65/turn              v - ring of flight
MPRegen  0.17/turn              (no ring)
                                (no ring)
                                (no ring)

@: protection aura, very slow
A: almost no armour, stealthy swim, amphibious, 8 rings, constrict 8, camouflage
1, gelatinous body 1
a: Bend Time, Temporal Distortion, Slouch, Step From Time, Renounce Religion,
Evoke Flight


You were on level 14 of the Dungeon.
You worshipped Cheibriados.
Cheibriados was extremely pleased with you.
You were hungry.

You visited 2 branches of the dungeon, and saw 15 of its levels.

You collected 832 gold pieces.

Inventory:

Hand Weapons
 b - a +1 blowgun
 e - a +0 dagger of holy wrath
 q - a +2 dagger of venom
 z - a +4 dagger of flaming
 A - a +2 dagger of protection (weapon)
Missiles
 c - 7 poisoned needles
 l - 4 tomahawks of dispersal
 n - 6 tomahawks
 o - 6 javelins (quivered)
Armour
 D - a +3 buckler (worn)
Jewellery
 g - an amulet of regeneration (around mantle)
 j - a ring of resist corrosion (left tentacle)
 m - a +5 ring of protection (right tentacle)
 p - a +2 amulet of reflection
 r - an uncursed ring of ice
 v - a ring of flight (on tentacle)
 w - a ring of protection from magic (on tentacle)
 C - a +6 ring of strength (on tentacle)
 I - an uncursed amulet of magic regeneration
 M - an uncursed amulet of faith {unknown}
Wands
 a - a wand of flame (29/48)
 k - a wand of flame (16/48)
 y - a wand of flame (19/48)
 E - a wand of scattershot (3/9)
 G - a wand of polymorph (6/24)
 J - a wand of flame (25/48)
 K - a wand of confusion (39/48)
 R - a wand of paralysis (16/24)
Scrolls
 s - 7 scrolls of remove curse
 t - a scroll of immolation
 u - a scroll of magic mapping
 x - 2 scrolls of recharging
Potions
 d - 2 potions of flight
 F - 2 potions of curing
 H - a potion of brilliance
 N - a potion of agility
Books
 O - a book of Frost

   Spells                             Type                      Level
   a - Freeze                         Ice                          1
   b - Throw Frost                    Conjuration/Ice              2
   c - Ozocubu's Armour               Charms/Ice                   3
   d - Throw Icicle                   Conjuration/Ice              4
   e - Summon Ice Beast               Ice/Summoning                4
 P - a book of Necromancy

   Spells                             Type                      Level
   a - Pain                           Necromancy                   1
   b - Animate Skeleton               Necromancy                   1
   c - Vampiric Draining              Necromancy                   3
   d - Regeneration                   Charms/Necromancy            3
   e - Animate Dead                   Necromancy                   4
   f - Control Undead                 Necromancy                   4
Comestibles
 f - 3 bread rations
 h - 9 fruits
 i - 8 meat rations
 L - 3 royal jellies


   Skills:
 - Level 10.1 Fighting
 - Level 10.5 Short Blades
 - Level 5.1 Throwing
 - Level 6.7 Dodging
 - Level 10.0 Stealth
 - Level 4.8 Shields
 + Level 5.1 Charms
 + Level 5.2 Ice Magic
 - Level 10.0 Invocations


You had 9 spell levels left.
You knew the following spells:

 Your Spells              Type           Power        Failure   Level  Hunger
a - Ozocubu's Armour      Chrm/Ice       ####....     4%          3    ####...


Dungeon Overview and Level Annotations

Branches:
Dungeon (14/15)            Temple (1/1) D:6            Lair (0/6) D:8
    Orc (0/2) D:9
 Vaults: D:13-14

Altars:
Ashenzari
Cheibriados
Dithmenos
Elyvilon
Fedhas
Gozag
Hepliaklqana
Kikubaaqudgha
Makhleb
Nemelex Xobeh
Okawaru
Qazlal
Ru
Sif Muna
Trog
Uskayaw
Vehumet
Wu Jian
Xom
Yredelemnul
Zin
The Shining One

Shops:
D:10 [

Portals:
Trove: D:10 (give 21 scrolls of identify)

Annotations:
D:7 Kenran's ghost, novice TeBe
D:13 Soeti's ghost, journeyman NaBe


Innate Abilities, Weirdness & Mutations

You cannot wear most types of armour.
You are very stealthy in the water. (Stealth+)
You are amphibious.
You can wear up to eight rings at the same time.
You can use your tentacles to constrict eight enemies at once.
Your skin changes colour to match your surroundings (Stealth+).
Your rubbery body absorbs attacks. (AC +1, EV +1)


Message History

You are too injured to fight recklessly!
You hit the two-headed ogre.
The two-headed ogre is moderately wounded.
You hit the two-headed ogre.
Your squeeze misses the two-headed ogre.
The two-headed ogre is heavily wounded.
You hit the two-headed ogre.
The two-headed ogre is heavily wounded.
The two-headed ogre completely misses you.
The two-headed ogre hits you with a giant spiked club!
* * * LOW HITPOINT WARNING * * *
You are feeling hungry.
You puncture the two-headed ogre! You squeeze the two-headed ogre!
The two-headed ogre is severely wounded.
You hit the two-headed ogre but do no damage.
The two-headed ogre is severely wounded.
You hit the two-headed ogre.
The two-headed ogre is almost dead.
The two-headed ogre hits you with a giant spiked club!!
You die...

########. .....
#.......# ......
+.......###.......
#...............
#........####.####
###...............
#....#.#....#.##
#.##...O#.#....#
.......@#<#.##.#
#..###..#......#
#. ....###.#### #
....#.#......#
#.#####.#.#....# .
........... #.#
.........
#.########### #


You could see a two-headed ogre.

Vanquished Creatures
  3 centaur warriors (D:12)
  The ghost of Ijustatesigmund the Covert, a journeyman OpAs of Cheibriados (D:10)
  4 two-headed ogres
  A tengu warrior (D:12)
  2 deep elf magi (D:12)
  An orc knight (D:10)
  A manticore (D:12)
  3 ugly things (D:12)
  A cyclops (D:12)
  2 gargoyles
  2 centaur skeletons
  A kobold demonologist (D:12)
  A komodo dragon (D:10)
  2 trolls (D:12)
  3 hornets
  A slime creature (D:10)
  A hippogriff (D:7)
  2 wraiths
  A shadow (D:13)
  2 wyverns
  8 yaks
  Grum (D:8)
  A basilisk (shapeshifter) (D:12)
  A hungry ghost (D:10)
  A steam dragon (D:7)
  A warg (D:9)
  2 acid dragons (D:12)
  2 water moccasins
  Duvessa (D:4)
  7 orc warriors
  6 sky beasts
  A black bear (D:10)
  6 ice beasts
  A necrophage (D:14)
  10 ogres
  4 phantoms
  7 centaurs
  3 wolves (D:8)
  A crocodile (D:8)
  A big kobold (D:11)
  Blork the orc (D:4)
  10 bullfrogs
  A wyvern zombie (D:11)
  Dowan (D:4)
  A water moccasin zombie (D:7)
  A wyvern skeleton (D:12)
  3 scorpions
  5 wights
  2 howler monkeys (D:12)
  4 centaur zombies
  5 crimson imps
  A quasit (D:10)
  A bullfrog zombie (D:10)
  6 hounds
  6 jellies
  A bullfrog skeleton (D:12)
  9 orc priests
  17 orc wizards
  4 iguanas
  11 worker ants
  A hound zombie (D:6)
  A hound skeleton (D:10)
  3 howler monkey zombies
  A worker ant zombie (D:7)
  7 adders
  3 shadow imps
  2 oozes
  A worm (D:2)
  13 dart slugs
  6 leopard geckos
  52 orcs
  A ball python (D:2)
  4 giant cockroaches
  13 goblins
  8 hobgoblins
  10 jackals
  9 kobolds
  7 quokkas
  10 bats
  8 frilled lizards
  7 rats
357 creatures vanquished.

Vanquished Creatures (others)
  The ghost of anet the Magician, a novice DEWz (D:4)
  A dart slug (D:4)
  2 plants (D:8)
4 creatures vanquished.

Grand Total: 361 creatures vanquished

Notes
Turn   | Place    | Note
-------+----------+-------------------------------------------
     0 | D:1      | Ijustatesigmund the Octopode Assassin began the quest for the Orb.
     0 | D:1      | Reached XP level 1. HP: 14/14 MP: 1/1
    45 | D:1      | Reached XP level 2. HP: 13/19 MP: 2/2
   685 | D:2      | Reached XP level 3. HP: 24/24 MP: 3/3
   948 | D:2      | Found a glowing golden altar of the Shining One.
  1120 | D:2      | Reached XP level 4. HP: 28/29 MP: 4/4
  2291 | D:4      | Reached XP level 5. HP: 34/34 MP: 5/5
  2296 | D:4      | Noticed anet's ghost (novice DEWz)
  2325 | D:4      | Killed anet's ghost
  2325 | D:4      | Reached XP level 6. HP: 32/42 MP: 6/6
  2460 | D:4      | Noticed Duvessa
  2605 | D:4      | Noticed Blork the orc
  2633 | D:4      | Killed Blork the orc
  2633 | D:4      | Reached XP level 7. HP: 37/46 MP: 7/7
  2919 | D:4      | Reached skill level 5 in Short Blades
  3204 | D:4      | Noticed Dowan
  3212 | D:4      | Killed Duvessa
  3234 | D:4      | Killed Dowan
  3234 | D:4      | Reached XP level 8. HP: 30/54 MP: 8/8
  3589 | D:5      | Entered Level 5 of the Dungeon
  3687 | D:5      | Reached skill level 5 in Fighting
  3818 | D:5      | Found an iron altar of Okawaru.
  3915 | D:5      | Reached skill level 5 in Dodging
  4241 | D:5      | Found a radiant altar of Vehumet.
  4665 | D:6      | Reached XP level 9. HP: 50/62 MP: 9/9
  5170 | D:6      | Found a shadowy altar of Dithmenos.
  5474 | D:6      | Found a staircase to the Ecumenical Temple.
  5483 | Temple   | Entered the Ecumenical Temple
  5516 | Temple   | Became a worshipper of Cheibriados the Contemplative
  6164 | D:7      | Noticed Kenran's ghost (novice TeBe)
  6348 | D:7      | Reached skill level 1 in Shields
  6348 | D:7      | Reached skill level 5 in Invocations
  6352 | D:7      | Found a burning altar of Makhleb.
  6386 | D:7      | Reached * piety under Cheibriados
  6398 | D:7      | Reached XP level 10. HP: 68/69 MP: 14/14
  6457 | D:7      | Found a stormy altar of Qazlal.
  7116 | D:8      | Noticed Grum
  7293 | D:8      | Noticed a two-headed ogre
  7309 | D:8      | Killed a two-headed ogre
  7735 | D:8      | Found a bloodstained altar of Trog.
  7749 | D:8      | Reached ** piety under Cheibriados
  7765 | D:8      | Killed Grum
  7816 | D:8      | Found a staircase to the Lair.
  7826 | D:8      | Noticed a two-headed ogre
  7833 | D:8      | Killed a two-headed ogre
  8384 | D:9      | Noticed a two-headed ogre
  8396 | D:9      | Killed a two-headed ogre
  8396 | D:9      | Reached skill level 5 in Throwing
  8396 | D:9      | Reached XP level 11. HP: 74/74 MP: 17/17
  8472 | D:9      | Reached *** piety under Cheibriados
  8551 | D:9      | Found a staircase to the Orcish Mines.
  9118 | D:10     | Entered Level 10 of the Dungeon
  9291 | D:10     | Reached **** piety under Cheibriados
  9300 | D:10     | Found Qoom's Antique Armour Boutique.
  9525 | D:10     | Noticed an orc knight
  9531 | D:10     | Killed an orc knight
  9629 | D:10     | Found a portal to a secret trove of treasure.
  9635 | D:10     | Noticed Ijustatesigmund's ghost (journeyman OpAs)
  9751 | D:10     | Reached skill level 10 in Stealth
  9751 | D:10     | Reached skill level 10 in Invocations
 10027 | D:10     | Killed Ijustatesigmund's ghost
 10169 | D:11     | Reached ***** piety under Cheibriados
 10419 | D:11     | Noticed a two-headed ogre
 10557 | D:12     | Noticed a manticore
 10564 | D:12     | Killed a manticore
 10595 | D:12     | Noticed a two-headed ogre
 10606 | D:12     | Killed a two-headed ogre
 10606 | D:12     | Reached XP level 12. HP: 50/84 MP: 19/19
 11265 | D:12     | Reached skill level 10 in Short Blades
 11360 | D:12     | Noticed a centaur warrior
 11363 | D:12     | Noticed a centaur warrior
 11364 | D:12     | Found a runed door.
 11384 | D:12     | Killed a centaur warrior
 11389 | D:12     | Reached skill level 10 in Fighting
 11393 | D:12     | Killed a centaur warrior
 11406 | D:12     | Learned a level 3 spell: Ozocubu's Armour
 11453 | D:12     | Reached skill level 1 in Charms
 11453 | D:12     | Reached skill level 1 in Ice Magic
 11526 | D:12     | Noticed a centaur warrior
 11537 | D:12     | Killed a centaur warrior
 11549 | D:12     | Got an uncursed steaming mace {flame}
 11550 | D:12     | Identified the +3 mace of Deformation {flame, Dex+3} (You took it off a centaur warrior on level 12 of the Dungeon)
 11590 | D:12     | Noticed a tengu warrior
 11602 | D:12     | Killed a tengu warrior
 12058 | D:13     | Reached XP level 13. HP: 87/92 MP: 20/20
 12101 | D:13     | Reached skill level 5 in Ice Magic
 12202 | D:13     | Noticed Soeti's ghost (journeyman NaBe)
 12338 | D:14     | Reached skill level 5 in Charms
 12376 | D:14     | Slain by a two-headed ogre

Vault maps used:
D:1:      shiori_arrival_elements, st_stairs_1, minmay_misc_feat_doors,
          kennysheep_pointless_box, minmay_pentomino_u2
D:2:      lemuel_round_altar, first_bread
D:3:      minivault_4, minmay_cut_off
D:4:      kennysheep_slugbush, uniq_duvessa, uniq_blork_the_orc
D:5:      vehumet_altar_wand_db, overflow_temple_1_default
D:6:      grunt_dithmenos_shadows, lemuel_temple_firewalk_a
D:7:      kennysheep_mini_moat, grunt_qazlal_clouds, grunt_decor_cap
D:8:      lemuel_doored_altar, david_lair_shrubbed, uniq_grum
D:9:      erik_orc_3
D:10:     minmay_distorted_concentric_squares, serial_shops,
          nicolae_shop_statue_plus, enter_trove_2
D:11:     david_nohive_1
D:12:     minmay_the_grid_triangle_9x9_recursive_3
D:13:     erik_vaults_2, doesnt_xom_only_xom
D:14:     corexii_leaking_fountain
Temple:   eino_wide_crystal_templ

Skill      XL: |  1  2  3  4  5  6  7  8  9 10 11 12 13 |
---------------+----------------------------------------+-----
Stealth        | 6 7 10 | 10.0
Short Blades   | 3 4 5 7 9 10 | 10.5
Fighting       | 3 4 6 8 10 | 10.1
Dodging        | 2 3 4 6 |  6.7
Invocations    | 5 8 10 | 10.0
Shields        | 2 4 |  4.8
Throwing       | 5 |  5.1
Charms         | 4 5 |  5.1
Ice Magic      | 4 5 |  5.2

Action                   |  1- 3 |  4- 6 |  7- 9 | 10-12 | 13-15 || total
-------------------------+-------+-------+-------+-------+-------++-------
Melee: Dagger            |    66 |   103 |   320 |   628 |    69 ||  1186
       Tentacles         |    10 |    17 |    90 |   284 |    32 ||   433
       Constrict         |    13 |    25 |    50 |    79 |     3 ||   170
 Fire: Blowgun           |       |     6 |     8 |     2 |       ||    16
Throw: Javelin           |       |       |    11 |    11 |       ||    22
 Cast: Ozocubu's Armour  |       |       |       |     1 |       ||     1
Invok: Slouch            |       |       |       |     1 |     1 ||     2
Evoke: Wand              |       |       |     2 |     2 |       ||     4
  Use: Scroll            |     4 |     6 |     3 |    10 |     2 ||    25
       Potion            |       |     7 |     4 |     2 |       ||    13
 Stab: Sleeping          |     9 |    11 |    14 |    42 |       ||    76
       Confused          |       |     1 |       |       |       ||     1
       Distracted        |       |       |       |     3 |       ||     3
  Eat: Chunk             |     1 |     4 |    11 |    10 |     1 ||    27
       Royal jelly       |       |       |     1 |       |       ||     1
Armor: Skin              |     8 |    28 |    32 |    39 |     9 ||   116
Dodge: Dodged            |    38 |    43 |   161 |   280 |    41 ||   563
Block: Other             |     2 |     4 |     4 |       |       ||    10
       Buckler           |       |       |       |   166 |    29 ||   195
